 Dungeon Crawl Stone Soup version 0.15.2 (webtiles) character file.

122 Heini the Skirmisher (level 4, -9/42 HPs)
             Began as a Minotaur Fighter on Mar 1, 2015.
             Mangled by a gnoll
             ... wielding a +0 halberd
              (11 damage)
             ... on Level 3 of the Dungeon.
             The game lasted 00:03:18 (1367 turns).

Heini the Skirmisher (Minotaur Fighter)             Turns: 1367, Time: 00:03:18

HP  -9/42        AC  8     Str 21      XL: 4   Next: 78%
MP   2/2         EV  6     Int  5      God:
Gold 123         SH  9     Dex 10      Spells:  0 memorised,  3 levels left

rFire  . . .     SeeInvis .     a - +1 flail
rCold  . . .     Clarity  .     b - +0 scale mail
rNeg   . . .     rCorr    .     c - +0 shield
rPois  .         rRot     .     (helmet restricted)
rElec  .         Spirit   .     (no cloak)
SustAb .         Warding  .     (no gloves)
rMut   .         Stasis   .     l - +0 pair of boots
Gourm  .                        (no amulet)
MR     .....                    (no ring)
                                (no ring)

@: not resistant to hostile enchantments, extremely unstealthy
A: retaliatory headbutt, horns 2
a: no special abilities


You were on level 3 of the Dungeon.
You were near starving.

You visited 1 branch of the dungeon, and saw 3 of its levels.

You collected 123 gold pieces.

Inventory:

Hand weapons
 a - a +1 flail (weapon)
Armour
 b - a +0 scale mail (worn)
 c - a +0 shield (worn)
 l - a +0 pair of boots (worn)
Comestibles
 d - 2 bread rations
 k - a royal jelly
Scrolls
 g - a scroll of amnesia {unknown}
 h - 2 scrolls of identify
 m - a scroll of magic mapping {unknown}
 n - a scroll of random uselessness {unknown}
 o - 2 scrolls of noise {unknown}
 p - a scroll of remove curse {unknown}
Potions
 e - 2 potions of might
 f - a potion of brilliance
 i - a potion of curing
 j - a potion of confusion


   Skills:
 * Level 5.0 Fighting
 * Level 3.7 Maces & Flails
 * Level 4.8 Armour
 - Level 3.6 Shields


You had 3 spell levels left.
You didn't know any spells.

Dungeon Overview and Level Annotations

Branches:
Dungeon (3/15)

Altars:
Zin


Innate Abilities, Weirdness & Mutations

You reflexively headbutt those who attack you in melee.
You have a pair of horns on your head.


Message History

Your shield and scale mail prevent you from hitting the gnoll.
You headbutt the gnoll.
You kill the gnoll!
The gnoll hits you but does no damage.
The gnoll hits you from afar with a halberd!
* * * LOW HITPOINT WARNING * * *
There is an open door here.
Drink which item? (? for menu, Esc to quit)
Okay, then.
You open the door. The gnoll hits you but does no damage.
The gnoll barely misses you. The gnoll hits you with a halberd.
* * * LOW HITPOINT WARNING * * *
You are too injured to fight recklessly!
You are too injured to fight recklessly!
You are too injured to fight recklessly!
You are too injured to fight recklessly!
You closely miss the gnoll. You block the gnoll's attack.
You completely miss the gnoll. Your headbutt misses the gnoll.
The gnoll hits you with a halberd!
You die...

.........#.....
##........#....
..............(
...............
#........#.#.#
#........#.#.# ..# ########
#........'.#.# #..#
.......###........#.#.# #..#
.........'.....g@.'...###..#
.......###.....g..#....##..#
.......# ####'########.##..#
.......# #.# #...##..##
######## ###)######.####...#
#........#.# #...#
#........#.####...##
#........#....<....#
#........######.#..#


You could see 2 gnolls.

Vanquished Creatures
  2 gnolls (D:3)
  3 adders
  A giant mite (D:1)
  5 worms (D:2)
  An ooze (D:1)
  A giant cockroach (D:2)
  5 goblins
  5 hobgoblins
  3 jackals (D:1)
  11 kobolds
  A quokka (D:3)
  A bat (D:2)
  A giant gecko (D:1)
  3 giant newts (D:1)
  5 rats
48 creatures vanquished.

Notes
Turn   | Place    | Note
--------------------------------------------------------------
     0 | D:1      | Heini, the Minotaur Fighter, began the quest for the Orb.
     0 | D:1      | Reached XP level 1. HP: 19/19 MP: 1/1
   127 | D:1      | Reached XP level 2. HP: 20/27 MP: 1/1
   143 | D:1      | Reached skill level 4 in Armour
   451 | D:2      | Reached XP level 3. HP: 33/33 MP: 2/2
   463 | D:2      | Found a glowing silver altar of Zin.
  1013 | D:2      | Reached XP level 4. HP: 30/41 MP: 2/2
  1354 | D:3      | Reached skill level 5 in Fighting
  1365 | D:3      | HP: 2/42 [gnoll/halberd (4)]
  1367 | D:3      | Mangled by a gnoll

Action                   |  1- 3 |  4- 6 || total
-------------------------+-------+-------++-------
Melee: Flail             |    97 |    22 ||   119
  Use: Scroll            |     4 |       ||     4
